Map: Dragon Scales LE

Players

Crighton

  • Race: Terran Terran
  • League: Silver
  • Spawn Location: 5:00

WitchDoctor - Winner!

  • Race: Terran Terran
  • League: Silver
  • Spawn Location: 11:00

VOD

Have the link to the VOD?

Description

Time

  • Played on: Aug. 21, 2023, 1:50 p.m.
  • Length: 28:20
Show
View Real Time Build Order
Export as new Build Order

Crighton Terran 

Build Orders:  

Get SALT Encoding   

  12  0:01  SCV  
  13  0:13  Supply Depot  
  13  0:23  SCV  
  14  0:34  Refinery  
  15  0:35  SCV  
  15  0:47  SCV, Supply Depot  
  16  1:01  Barracks  
  16  1:09  Supply Depot  
  16  1:22  SCV, Engineering Bay  
  17  1:34  SCV  
  18  1:47  SCV  
  19  1:59  SCV  
  20  2:25  SCV  
  21  2:30  Marine  
  22  2:37  SCV  
  22  2:40  Bunker  
  23  2:48  Marine  
  23  2:49  SCV  
  25  2:51  Command Center  
  24  3:06  Marine  
  24  3:07  Planetary Fortress  
  3  4:03  SCV  
  3  4:07  SCV  
  5  4:15  SCV  
  6  4:19  SCV  
  7  4:27  SCV  
  8  4:32  SCV  
  9  4:39  SCV  
  9  4:44  SCV  
  10  4:51  SCV  
  11  5:03  SCV  
  12  5:14  Engineering Bay  
  11  5:45  SCV  
  11  5:46  Refinery  
  11  5:49  SCV  
  11  5:57  SCV  
  11  6:01  SCV  
  11  6:29  Planetary Fortress  
  11  6:36  SCV  
  10  6:48  SCV  
  11  7:00  SCV  
  12  7:13  SCV  
  12  7:18  SCV  
  12  7:34  SCV  
  13  7:46  Supply Depot  
  13  7:56  SCV  
  14  8:08  SCV  
  13  8:35  SCV  
  13  8:39  SCV  
  15  8:47  SCV  
  14  9:17  SCV  
  15  9:25  SCV  
  15  9:29  SCV  
  17  9:38  SCV  
  18  9:40  Barracks  
  18  9:41  SCV  
  19  9:50  SCV  
  20  9:53  SCV  
  20  9:54  Hi-Sec Auto Tracking  
  21  10:06  SCV  
  22  10:18  SCV  
  23  10:32  SCV  
  23  10:35  Marine  
  25  10:44  SCV  
  26  10:53  Marine  
  26  10:56  SCV  
  28  10:59  Bunker  
  28  11:08  SCV  
  28  11:10  Bunker  
  28  11:11  Marine  
  30  11:20  SCV  
  31  11:27  Missile Turret  
  31  11:29  Marine  
  32  11:32  SCV  
  33  11:45  SCV  
  33  11:46  Marine  
  35  11:49  Missile Turret  
  35  11:55  Missile Turret  
  35  12:04  Marine  
  35  12:05  Refinery  
  36  12:22  Marine  
  37  12:27  Barracks  
  37  12:36  SCV  
  38  13:01  Supply Depot  
  38  13:03  Supply Depot  
  38  13:06  Command Center  
  38  13:19  Missile Turret  
  38  13:22  SCV x2, Marine  
  38  13:26  Factory  
  41  13:31  Missile Turret  
  41  13:33  Bunker  
  41  13:40  Marine  
  42  13:53  Missile Turret  
  42  14:13  Factory Tech Lab  
  42  14:14  Missile Turret  
  42  14:16  Neosteel Armor  
  42  14:25  Marine  
  43  14:34  Armory  
  43  14:43  Marine  
  42  15:01  Marine  
  43  15:18  SCV  
  44  15:28  Siege Tank  
  47  15:30  SCV  
  47  15:34  Terran Vehicle Weapons Level 1  
  48  15:42  SCV  
  45  15:54  SCV  
  45  15:56  Terran Infantry Weapons Level 1  
  46  16:00  Siege Tank  
  49  16:06  SCV  
  49  16:22  Command Center  
  41  17:42  Supply Depot  
  41  17:43  Supply Depot  
  41  17:44  Terran Vehicle And Ship Armor Level 1  
  41  17:51  Terran Infantry Armor Level 1  
  41  18:03  Siege Tank  
  44  18:07  Command Center  
  44  18:10  Missile Turret  
  44  18:11  Missile Turret  
  34  19:03  Siege Tank  
  37  19:19  Missile Turret  
  36  19:25  Planetary Fortress  
  36  19:35  Siege Tank  
  39  19:49  Missile Turret  
  39  20:07  Siege Tank  
  42  20:16  SCV  
  43  20:28  SCV  
  41  20:39  Siege Tank  
  41  20:42  Missile Turret  
  44  20:51  Missile Turret  
  40  21:11  Siege Tank  
  43  21:21  Command Center  
  43  21:31  Starport  
  43  21:44  Siege Tank  
  46  22:15  Starport Tech Lab  
  42  22:54  Fusion Core  
  42  23:20  Missile Turret, Command Center  
  42  23:24  Missile Turret  
  42  23:25  Missile Turret  
  42  23:46  Refinery  
  42  24:01  Supply Depot  
  42  24:22  Battlecruiser  
  48  24:31  Planetary Fortress  
  48  25:15  SCV  
  49  25:27  SCV  
  50  25:39  SCV  
  51  25:45  Refinery  
  51  25:46  Refinery  
  51  25:51  SCV  
  20  27:08  Command Center  
Show
View Real Time Build Order
Export as new Build Order

WitchDoctor Terran - Winner!

Build Orders:  

Get SALT Encoding   

  12  0:00  SCV  
  13  0:20  Supply Depot  
  13  0:45  Barracks  
  13  0:59  Barracks  
  13  1:15  Barracks  
  13  1:23  SCV  
  14  1:37  Marine  
  15  1:46  Barracks  
  15  1:53  Marine  
  16  1:55  Marine  
  17  2:11  Supply Depot  
  17  2:14  Marine x2  
  19  2:20  Marine  
  20  2:32  Marine  
  20  2:33  Marine  
  20  2:34  Marine  
  23  2:53  Marine x4  
  27  3:18  Marine  
  27  3:19  Marine x3  
  31  3:45  Marine x2  
  31  3:46  Marine x2  
  22  4:03  Marine x2  
  22  4:04  Marine x2  
  26  4:21  Marine x2  
  26  4:22  Marine x2  
  29  4:42  Marine x2  
  29  4:43  Marine x2  
  24  5:00  Marine x3  
  24  5:01  Marine  
  28  5:18  Marine x3  
  31  5:22  Marine  
  21  5:36  Marine x3  
  21  5:39  Marine  
  23  5:54  Marine x3  
  23  5:57  Marine  
  20  6:11  Marine  
  20  6:12  Marine x2  
  20  6:15  Orbital Command  
  22  6:39  Marine x4  
  25  6:57  Marine x2  
  20  7:09  Marine x2  
  20  7:14  Marine  
  20  7:15  Marine  
  17  7:27  Marine x2  
  17  7:28  SCV  
  20  7:32  Marine x2  
  22  7:45  Marine  
  22  7:50  Marine x3  
  26  8:03  Marine  
  27  8:08  Marine x3  
  28  8:20  Marine  
  27  8:38  SCV  
  28  8:43  Refinery  
  28  8:44  Refinery  
  28  8:50  SCV  
  26  9:03  SCV  
  27  9:30  Marine x4  
  31  9:49  Command Center  
  31  10:03  Command Center  
  31  10:13  Marine  
  31  10:34  Supply Depot  
  31  10:53  Marine  
  31  10:55  Marine x2  
  31  10:56  SCV  
  33  10:58  Supply Depot  
  30  11:08  SCV  
  27  11:12  Marine  
  28  11:22  Supply Depot  
  28  11:24  SCV  
  31  11:27  Orbital Command  
  31  11:30  Orbital Command  
  29  11:37  SCV  
  30  11:47  Factory x2  
  30  11:51  Factory  
  30  12:02  Factory  
  30  12:07  SCV x3  
  33  12:19  SCV x2  
  33  12:20  SCV  
  36  12:31  SCV x2  
  36  12:32  SCV, Factory Tech Lab  
  36  12:35  Factory Tech Lab x2  
  39  12:43  SCV  
  39  12:44  SCV x2  
  42  12:49  Factory Tech Lab  
  41  13:08  Cyclone x2  
  47  13:13  Refinery  
  47  13:14  Refinery x2  
  47  13:15  Refinery  
  47  13:31  Mag-Field Accelerator  
  47  13:42  SCV x2  
  47  13:43  SCV  
  50  13:53  Cyclone  
  50  13:54  SCV x2  
  50  13:55  SCV  
  56  14:06  SCV x2  
  56  14:07  SCV  
  59  14:16  Command Center  
  59  14:18  SCV x2  
  59  14:19  SCV  
  62  14:26  Command Center  
  62  14:27  Cyclone  
  62  14:28  Cyclone x3  
  62  14:30  SCV  
  62  14:31  SCV x2  
  75  14:43  SCV x3  
  78  14:59  Cyclone  
  81  15:00  Cyclone  
  81  15:02  SCV  
  85  15:28  Cyclone x2, SCV x3  
  94  15:40  SCV x3  
  97  15:52  SCV x2  
  96  16:30  Cyclone x4  
  105  17:02  Cyclone x4  
  111  17:17  SCV x3  
  111  17:18  SCV  
  115  17:38  Supply Depot  
  115  17:40  Supply Depot  
  115  17:41  Supply Depot  
  115  17:43  Orbital Command  
  115  17:45  Supply Depot  
  115  17:46  Orbital Command, Supply Depot  
  115  17:47  Supply Depot  
  115  17:49  Supply Depot  
  115  18:00  Cyclone x2, SCV x2  
  115  18:01  Cyclone x2, SCV, Supply Depot  
  127  18:07  Supply Depot  
  127  18:12  SCV x2  
  129  18:13  SCV  
  130  18:25  Supply Depot  
  115  18:32  Cyclone x2  
  115  18:33  Cyclone x2  
  112  18:47  Supply Depot  
  103  19:04  Cyclone x2  
  103  19:05  Cyclone x2  
  115  19:11  Supply Depot  
  115  19:20  Factory  
  115  19:21  Factory  
  115  19:25  Factory x2  
  115  19:26  Factory  
  115  19:27  Factory  
  115  19:28  Factory x2  
  115  19:36  Cyclone x2  
  115  19:37  Cyclone x2  
  117  20:08  Cyclone x2  
  117  20:10  Cyclone x2  
  129  20:29  Factory Tech Lab x2  
  129  20:30  Factory Tech Lab  
  129  20:31  Factory Tech Lab x3  
  129  20:34  Factory Tech Lab  
  129  20:40  Cyclone  
  129  20:41  Cyclone  
  129  20:42  Cyclone x2, Factory Tech Lab  
  132  20:56  Cyclone x5  
  132  20:57  Cyclone  
  132  21:01  Refinery  
  132  21:02  SCV x3  
  132  21:03  SCV x2, Refinery  
  137  21:12  Refinery  
  137  21:13  Cyclone  
  140  21:28  Command Center  
  140  21:31  Command Center x2  
  140  21:32  Command Center  
  140  21:36  Command Center, Refinery  
  140  21:38  Command Center  
  140  21:39  Command Center x2  
  140  21:41  Command Center  
  140  21:43  Command Center  
  140  21:47  Command Center  
  140  21:49  Command Center  
  140  21:51  Command Center  
  140  21:52  Command Center  
  140  21:53  Command Center  
  140  21:54  Command Center x2  
  140  21:55  Command Center  
  140  22:00  Command Center x2  
  140  22:02  Cyclone x5  
  140  22:03  Cyclone  
  140  22:04  Command Center  
  158  22:13  Cyclone x3  
  158  22:37  Cyclone x4  
  167  22:50  Cyclone  
  164  23:04  Armory  
  164  23:06  Orbital Command x3  
  164  23:16  SCV x5  
  169  23:24  Orbital Command x3  
  169  23:28  Orbital Command  
  169  23:30  Orbital Command  
  169  23:32  Orbital Command  
  170  23:35  Orbital Command  
  170  23:38  Orbital Command  
  170  23:39  Orbital Command  
  169  23:41  Orbital Command  
  169  23:44  Orbital Command  
  169  23:46  Orbital Command  
  169  23:48  Orbital Command  
  169  23:49  Orbital Command  
  169  23:51  Orbital Command  
  169  23:56  Thor  
  169  23:58  Thor  
  181  24:04  Orbital Command  
  181  24:05  Orbital Command x2  
  178  24:22  Thor  
  178  24:23  Thor x2  
  190  24:50  Thor  
  190  24:52  Command Center  
  117  26:38  Thor x7  
  128  26:58  Orbital Command  
  128  27:10  Thor x2  
  140  27:43  Command Center  
Tags
 
Matchup
TvT
Race
Terran
Spawn Locations
Cross Positions
Add a new tag
Caveats
  • Supply blocks, unpowered buildings, or Contaminate may cause inaccurate times.
  • Supply counts are checked every 10 seconds.